TOP OF THE 1ST |
---|
Amarillo Archdukes batting - Pitching for Waba Ducks : LHP Cecil Bonekamp | Pitching: LHP Cecil Bonekamp | | Batting: LHB Earl Wigfall | 0-0: Called Strike 0-1: Ball 1-1: Swinging Strike 1-2: Foul Ball, location: 2F 1-2: Foul Ball, location: 2F 1-2: Strikes out looking | Batting: LHB Edwin Ryan | 0-0: Ball 1-0: Called Strike 1-1: Swinging Strike 1-2: Foul Ball, location: 2F 1-2: Foul Ball, location: 2F 1-2: Foul Ball, location: 2F 1-2: Ball 2-2: Fly out, F4 (Popup, 4MD) | Batting: RHB Dennis Garner | 0-0: Called Strike 0-1: Ball 1-1: Foul Ball, location: 2F 1-2: Ball 2-2: Strikes out swinging, 2-3 out at first. | Top of the 1st over - 0 runs, 0 hits, 0 errors, 0 left on base; Amarillo 0 - Waba 0 | BOTTOM OF THE 1ST |
---|
Waba Ducks batting - Pitching for Amarillo Archdukes : RHP Jeff Lawson | Pitching: RHP Jeff Lawson | | Batting: RHB Tomás Díaz | 0-0: Called Strike 0-1: Foul Ball, location: 2F 0-2: Strikes out looking | Batting: LHB Javier Orozco | 0-0: Swinging Strike 0-1: Called Strike 0-2: Ball 1-2: Ball 2-2: Fly out, F8 (Flyball, 89D) | Batting: RHB Paul Spencer | 0-0: Called Strike 0-1: Fly out, F8 (Flyball, 8LM) | Bottom of the 1st over - 0 runs, 0 hits, 0 errors, 0 left on base; Amarillo 0 - Waba 0 | TOP OF THE 2ND |
---|
Amarillo Archdukes batting - Pitching for Waba Ducks : LHP Cecil Bonekamp | Batting: LHB Michael Cook | 0-0: Ball 1-0: Ball 2-0: Ground out 4-3 (Groundball, 4) | Batting: RHB Roberto García | 0-0: Ball 1-0: Foul Ball, location: 2F 1-1: Called Strike 1-2: Strikes out swinging | Batting: RHB Herb Bunch | 0-0: Fly out, F9 (Flyball, 89S) | Top of the 2nd over - 0 runs, 0 hits, 0 errors, 0 left on base; Amarillo 0 - Waba 0 | BOTTOM OF THE 2ND |
---|
Waba Ducks batting - Pitching for Amarillo Archdukes : RHP Jeff Lawson | Batting: RHB Lawrence Yates | 0-0: Ball 1-0: Ball 2-0: Ground out 4-3 (Groundball, 4M) | Batting: RHB Ángelo García | 0-0: Ball 1-0: Called Strike 1-1: Foul Ball, location: 2F 1-2: Strikes out swinging | Batting: RHB Jeremy Flemming | 0-0: Called Strike 0-1: Ball 1-1: Called Strike 1-2: Ball 2-2: Strikes out swinging | Bottom of the 2nd over - 0 runs, 0 hits, 0 errors, 0 left on base; Amarillo 0 - Waba 0 | TOP OF THE 3RD |
---|
Amarillo Archdukes batting - Pitching for Waba Ducks : LHP Cecil Bonekamp | Batting: SHB Jeff Chambers | 0-0: Called Strike 0-1: Ball 1-1: Called Strike 1-2: Foul Ball, location: 2F 1-2: Foul Ball, location: 2F 1-2: Strikes out swinging | Batting: RHB Rich Henley | 0-0: Swinging Strike 0-1: Ball 1-1: Called Strike 1-2: Foul Ball, location: 2F 1-2: Ball 2-2: Foul Ball, location: 2F 2-2: Ball 3-2: Foul Ball, location: 2F 3-2: Base on Balls | Batting: LHB John Frost | 0-0: Ball 1-0: Called Strike 1-1: Foul Ball, location: 2F 1-2: Ball 2-2: Foul Ball, location: 2F 2-2: Ground out 4-3 (Groundball, 34) Rich Henley to second | Batting: LHB Earl Wigfall | 0-0: Ball 1-0: Ground out 5-3 (Groundball, 5) | Top of the 3rd over - 0 runs, 0 hits, 0 errors, 1 left on base; Amarillo 0 - Waba 0 | BOTTOM OF THE 3RD |
---|
Waba Ducks batting - Pitching for Amarillo Archdukes : RHP Jeff Lawson | Batting: RHB Don Keating | 0-0: Ball 1-0: Ball 2-0: Foul Ball, location: 2F 2-1: Foul Ball, location: 2F 2-2: Ball 3-2: Foul Ball, location: 2F 3-2: Foul Ball, location: 2F 3-2: Foul Ball, location: 2F 3-2: Base on Balls | Batting: RHB Shaun Puckett | 0-0: Called Strike 0-1: DOUBLE (Line Drive, 7D) Don Keating to third Runner from 3rd tries for Home, SAFE, no throw | Batting: RHB Félix Quintero | 0-0: Ball 1-0: Ball 2-0: Foul Ball, location: 2F 2-1: Ball 3-1: Base on Balls | Batting: RHB Tomás Díaz | 0-0: 3-RUN HOME RUN (Flyball, 7LD), Distance : 347 ft | Batting: LHB Javier Orozco | 0-0: Ball 1-0: SINGLE (Groundball, 13) (infield hit) | Batting: RHB Paul Spencer | 0-0: Called Strike 0-1: Ball Javier Orozco steals 2nd base 1-1: Fly out, F7 (Flyball, 7LS) | Batting: RHB Lawrence Yates | 0-0: Ball 1-0: Foul Ball, location: 2F 1-1: Foul Ball, location: 2F 1-2: Foul Ball, location: 2F 1-2: Foul Ball, location: 2F 1-2: SINGLE (Groundball, 6MD) Javier Orozco to third Runner from 3rd tries for Home, SAFE, no throw | Batting: RHB Ángelo García | 0-0: SINGLE (Groundball, 34D) Lawrence Yates to second Runner from 2nd tries for 3rd, SAFE, no throw | Batting: RHB Jeremy Flemming | 0-0: Ball 1-0: Called Strike 1-1: Foul Ball, location: 2F 1-2: Foul Ball, location: 2F 1-2: 3-RUN HOME RUN (Line Drive, 7LD), Distance : 344 ft | Batting: RHB Don Keating | 0-0: Ball 1-0: Called Strike 1-1: Fly out, F8 (Flyball, 8RS) | Batting: RHB Shaun Puckett | 0-0: Called Strike 0-1: Ball 1-1: Swinging Strike 1-2: Ball 2-2: Strikes out swinging | Bottom of the 3rd over - 8 runs, 6 hits, 0 errors, 0 left on base; Amarillo 0 - Waba 8 | TOP OF THE 4TH |
---|
Amarillo Archdukes batting - Pitching for Waba Ducks : LHP Cecil Bonekamp | Batting: LHB Edwin Ryan | 0-0: Ball 1-0: Swinging Strike 1-1: SINGLE (Groundball, 4MD) | Batting: RHB Dennis Garner | 0-0: Ball 1-0: Ball 2-0: Swinging Strike 2-1: Ball 3-1: Foul Ball, location: 2F 3-2: SINGLE (Groundball, 56S) (infield hit) Edwin Ryan to second | Batting: LHB Michael Cook | 0-0: Ball 1-0: Called Strike 1-1: Foul Ball, location: 2F 1-2: Fly out, F8 (Flyball, 8RD) | Batting: RHB Roberto García | 0-0: SINGLE (Groundball, 34D) Edwin Ryan to third Dennis Garner to second Runner from 3rd tries for Home, SAFE, no throw | Batting: RHB Herb Bunch | 0-0: Called Strike Dennis Garner steals 3rd base 0-1: Swinging Strike 0-2: Ball 1-2: Ball 2-2: Grounds into double play, 1-6-3 (Groundball, P) | Top of the 4th over - 1 run, 3 hits, 0 errors, 1 left on base; Amarillo 1 - Waba 8 | BOTTOM OF THE 4TH |
---|
Waba Ducks batting - Pitching for Amarillo Archdukes : RHP Jeff Lawson | Batting: RHB Félix Quintero | 0-0: Ball 1-0: Foul Ball, location: 2F 1-1: Ball 2-1: Swinging Strike 2-2: Fly out, F6 (Line Drive, 6) | Batting: RHB Tomás Díaz | 0-0: Called Strike 0-1: Ball 1-1: Ground out 3-1 (Groundball, 34S) | Batting: LHB Javier Orozco | 0-0: Called Strike 0-1: Ball 1-1: SINGLE (Line Drive, 34D) | Batting: RHB Paul Spencer | 0-0: Ball 1-0: Ball 2-0: Ball 3-0: Called Strike 3-1: Foul Ball, location: 2F 3-2: Foul Ball, location: 2F 3-2: SINGLE (Groundball, 6MD) Javier Orozco to second Javier Orozco to third | Batting: RHB Lawrence Yates | 0-0: Called Strike 0-1: Ball 1-1: Swinging Strike 1-2: Strikes out swinging | Bottom of the 4th over - 0 runs, 2 hits, 0 errors, 2 left on base; Amarillo 1 - Waba 8 | TOP OF THE 5TH |
---|
Amarillo Archdukes batting - Pitching for Waba Ducks : LHP Cecil Bonekamp | Batting: SHB Jeff Chambers | 0-0: Foul Ball, location: 2F 0-1: Ball 1-1: Called Strike 1-2: Ground out 4-3 (Groundball, 4M) | Batting: RHB Rich Henley | 0-0: Foul Ball, location: 2F 0-1: Ball 1-1: Fly out, F6 (Popup, 56D) | Batting: LHB John Frost | 0-0: SINGLE (Flyball, 78M) - OUT at second base trying to stretch hit. | Top of the 5th over - 0 runs, 1 hit, 0 errors, 0 left on base; Amarillo 1 - Waba 8 | BOTTOM OF THE 5TH |
---|
Waba Ducks batting - Pitching for Amarillo Archdukes : RHP Jeff Lawson | Batting: RHB Ángelo García | 0-0: Ball 1-0: Ground out 3-1 (Groundball, 34) | Batting: RHB Jeremy Flemming | 0-0: Ball 1-0: Foul Ball, location: 2F 1-1: Ball 2-1: Ball 3-1: Swinging Strike 3-2: SOLO HOME RUN (Flyball, 78XD), Distance : 361 ft | Batting: RHB Don Keating | 0-0: Ball 1-0: Ball 2-0: Foul Ball, location: 2F 2-1: Ball 3-1: SINGLE (Groundball, 34D) | Batting: RHB Shaun Puckett | 0-0: Ball 1-0: Ball 2-0: SINGLE (Groundball, 34D) Don Keating to second Runner from 2nd tries for 3rd, OUT! Shaun Puckett to second | Batting: RHB Félix Quintero | 0-0: Foul Ball, location: 2F 0-1: Ball 1-1: Ball 2-1: SINGLE (Line Drive, 4M) Shaun Puckett to third | Batting: RHB Tomás Díaz | 0-0: Foul Ball, location: 2F 0-1: Fielders Choice at 2nd, 6-4 (Groundball, 6) | Bottom of the 5th over - 1 run, 4 hits, 0 errors, 2 left on base; Amarillo 1 - Waba 9 | TOP OF THE 6TH |
---|
Amarillo Archdukes batting - Pitching for Waba Ducks : LHP Cecil Bonekamp | Batting: LHB Earl Wigfall | 0-0: Swinging Strike 0-1: Ball 1-1: Ball 2-1: Ball 3-1: Base on Balls | Batting: LHB Edwin Ryan | 0-0: Ball 1-0: Called Strike 1-1: Foul Ball, location: 2F 1-2: Grounds into double play, 4-6-3 (Groundball, 4M) | Batting: RHB Dennis Garner | 0-0: Swinging Strike 0-1: Ball 1-1: Foul Ball, location: 2F 1-2: Strikes out swinging | Top of the 6th over - 0 runs, 0 hits, 0 errors, 0 left on base; Amarillo 1 - Waba 9 | BOTTOM OF THE 6TH |
---|
Waba Ducks batting - Pitching for Amarillo Archdukes : RHP Jeff Lawson | Batting: LHB Javier Orozco | 0-0: Foul Ball, location: 2F 0-1: Swinging Strike 0-2: Ground out 6-3 (Groundball, 6) | Batting: RHB Paul Spencer | 0-0: Called Strike 0-1: SINGLE (Line Drive, 89S) | Pitching: RHP Pedro Lara | | Batting: RHB Lawrence Yates | 0-0: Ball 1-0: Called Strike 1-1: Foul Ball, location: 2F 1-2: Ball 2-2: Grounds into double play, 6-4-3 (Groundball, 6) | Bottom of the 6th over - 0 runs, 1 hit, 0 errors, 0 left on base; Amarillo 1 - Waba 9 | TOP OF THE 7TH |
---|
Amarillo Archdukes batting - Pitching for Waba Ducks : LHP Cecil Bonekamp | Batting: LHB Michael Cook | 0-0: Called Strike 0-1: Called Strike 0-2: Ball 1-2: Foul Ball, location: 2F 1-2: Ground out 4-3 (Groundball, 4S) | Batting: RHB Roberto García | 0-0: Ball 1-0: Fly out, F9 (Flyball, 9S) | Batting: RHB Herb Bunch | 0-0: Ball 1-0: SINGLE (Line Drive, 4D) | Batting: SHB Jeff Chambers | 0-0: Called Strike 0-1: Called Strike 0-2: Foul Ball, location: 2F 0-2: Ball 1-2: Fielders Choice at 2nd, 6-4 (Groundball, 6) | Top of the 7th over - 0 runs, 1 hit, 0 errors, 1 left on base; Amarillo 1 - Waba 9 | BOTTOM OF THE 7TH |
---|
Waba Ducks batting - Pitching for Amarillo Archdukes : RHP Pedro Lara | Batting: RHB Ángelo García | 0-0: Ball 1-0: Ball 2-0: Ball 3-0: Called Strike 3-1: Fly out, F6 (Line Drive, 6) | Batting: RHB Jeremy Flemming | 0-0: Ball 1-0: Ball 2-0: Ball 3-0: Called Strike 3-1: Called Strike 3-2: Base on Balls | Batting: RHB Don Keating | 0-0: Ball 1-0: Ball 2-0: Called Strike 2-1: Ball 3-1: Base on Balls Jeremy Flemming to second | Batting: RHB Shaun Puckett | 0-0: Called Strike 0-1: Swinging Strike 0-2: Ball 1-2: Ball 2-2: Foul Ball, location: 2F 2-2: Ball 3-2: Foul Ball, location: 2F 3-2: Strikes out swinging | Batting: RHB Félix Quintero | 0-0: Ball 1-0: Ball 2-0: Ball 3-0: Called Strike 3-1: Base on Balls Jeremy Flemming to third Don Keating to second | Batting: RHB Tomás Díaz | 0-0: Swinging Strike 0-1: Ball 1-1: Ball 2-1: Foul Ball, location: 2F 2-2: Ball 3-2: SINGLE (Line Drive, 7S) Jeremy Flemming scores Don Keating to third Félix Quintero to second Don Keating scores Félix Quintero to third | Batting: LHB Javier Orozco | 0-0: Called Strike 0-1: Foul Ball, location: 2F 0-2: Ball 1-2: Foul Ball, location: 2F 1-2: Ball 2-2: Foul Ball, location: 2F 2-2: Ball 3-2: Foul Ball, location: 2F 3-2: Ground out 3-1 (Groundball, 34S) | Bottom of the 7th over - 2 runs, 1 hit, 0 errors, 2 left on base; Amarillo 1 - Waba 11 | TOP OF THE 8TH |
---|
Amarillo Archdukes batting - Pitching for Waba Ducks : LHP Cecil Bonekamp | Now in RF: Daniel Carter | | Batting: RHB Rich Henley | 0-0: Ball 1-0: Swinging Strike 1-1: Ball 2-1: Foul Ball, location: 2F 2-2: Strikes out swinging | Batting: LHB John Frost | 0-0: Called Strike 0-1: Ball 1-1: Ground out 4-3 (Groundball, 4) | Batting: LHB Earl Wigfall | 0-0: Ball 1-0: Ball 2-0: Called Strike 2-1: Foul Ball, location: 2F 2-2: Fly out, F6 (Popup, 6M) | Top of the 8th over - 0 runs, 0 hits, 0 errors, 0 left on base; Amarillo 1 - Waba 11 | BOTTOM OF THE 8TH |
---|
Waba Ducks batting - Pitching for Amarillo Archdukes : RHP Pedro Lara | Batting: RHB Paul Spencer | 0-0: Ball 1-0: Ball 2-0: Fly out, F3 (Popup, 3) | Batting: RHB Lawrence Yates | 0-0: Ball 1-0: Called Strike 1-1: Ball 2-1: Foul Ball, location: 2F 2-2: Foul Ball, location: 2F 2-2: Ball 3-2: Foul Ball, location: 2F 3-2: Ground out 6-3 (Groundball, 6M) | Batting: RHB Ángelo García | 0-0: Ball 1-0: Fly out, F9 (Flyball, 9S) | Bottom of the 8th over - 0 runs, 0 hits, 0 errors, 0 left on base; Amarillo 1 - Waba 11 | TOP OF THE 9TH |
---|
Amarillo Archdukes batting - Pitching for Waba Ducks : LHP Cecil Bonekamp | Now at 3B: Alex Aguilar | | Batting: LHB Edwin Ryan | 0-0: Ball 1-0: Ball 2-0: Ball 3-0: Called Strike 3-1: Swinging Strike 3-2: Strikes out swinging | Batting: RHB Dennis Garner | 0-0: Called Strike 0-1: Called Strike 0-2: Ball 1-2: SINGLE (Groundball, 4MD) | Pitching: RHP Anthony Rigsby | | Batting: LHB Michael Cook | 0-0: Ball 1-0: SINGLE (Groundball, 4MD) Dennis Garner to second | Batting: RHB Roberto García | 0-0: Ball 1-0: Swinging Strike 1-1: Ball 2-1: Called Strike 2-2: Ball 3-2: Strikes out swinging | Batting: RHB Herb Bunch | 0-0: Ball 1-0: Foul Ball, location: 2F 1-1: Ball 2-1: Foul Ball, location: 2F 2-2: Foul Ball, location: 2F 2-2: Fly out, F7 (Flyball, 78D) | Top of the 9th over - 0 runs, 2 hits, 0 errors, 2 left on base; Amarillo 1 - Waba 11 | |